NCAA
XAVIER MUSKETEERS @ STANFORD CARDINAL
04/14/2030
 
TOP OF THE 1ST
Xavier Musketeers batting - Pitching for Stanford Cardinal : RHP Oscar Clark
Pitching: RHP Oscar Clark
Batting: RHB Dillon Farley 0-0: Called Strike
0-1: Foul Ball, location: 2F
0-2: Ball
1-2: SINGLE (Groundball, 56D)
Batting: RHB Edmund Kline 0-0: Called Strike
0-1: Foul Ball, location: 2F
0-2: Ball
1-2: Foul Ball, location: 2F
1-2: SINGLE (Line Drive, 89S)
Dillon Farley to second
Runner from 2nd tries for 3rd, SAFE, no throw
Batting: SHB Orlando Lópes 0-0: Ball
1-0: Called Strike
1-1: Foul Ball, location: 2F
1-2: Foul Ball, location: 2F
1-2: Foul Ball, location: 2F
1-2: TRIPLE (Flyball, 89XD)
Dillon Farley scores
Edmund Kline scores
Batting: LHB Bobby Ryan 0-0: Called Strike
0-1: Called Strike
0-2: Fly out, F7 (Flyball, 7)
Runner from 3rd tags up, SCORES, throw made
Batting: RHB Floyd Reynolds 0-0: Called Strike
0-1: SOLO HOME RUN (Flyball, 89XD), Distance : 387 ft
Batting: RHB Curt Lloyd 0-0: SINGLE (Line Drive, 6MD)
Batting: LHB Duncan Sharp 0-0: Swinging Strike
0-1: Foul Ball, location: 2F
0-2: Ball
1-2: Foul Ball, location: 2F
1-2: Strikes out swinging
Batting: LHB Johnny Beach 0-0: Ball
1-0: Ball
2-0: Ball
3-0: Foul Ball, location: 2F
3-1: Base on Balls
Curt Lloyd to second
Batting: RHB Albert Smedley 0-0: Called Strike
0-1: Ball
1-1: Ball
2-1: Ball
3-1: Fly out, F7 (Flyball, 7S)
Top of the 1st over - 4 runs, 5 hits, 0 errors, 2 left on base; Xavier 4 - Stanford 0
BOTTOM OF THE 1ST
Stanford Cardinal batting - Pitching for Xavier Musketeers : RHP Mark Manning
Pitching: RHP Mark Manning
Batting: SHB Gary King 0-0: Called Strike
0-1: Ball
1-1: Swinging Strike
1-2: Strikes out swinging
Batting: RHB Ira Martin 0-0: Called Strike
0-1: Called Strike
0-2: Ball
1-2: Ground out 6-3 (Groundball, 56D)
Batting: RHB Rick McDonald 0-0: Foul Ball, location: 2F
0-1: Foul Ball, location: 2F
0-2: Strikes out looking
Bottom of the 1st over - 0 runs, 0 hits, 0 errors, 0 left on base; Xavier 4 - Stanford 0
TOP OF THE 2ND
Xavier Musketeers batting - Pitching for Stanford Cardinal : RHP Oscar Clark
Batting: RHB Dillon Farley 0-0: SINGLE (Line Drive, 8RS)
Batting: RHB Edmund Kline 0-0: Ball
1-0: Called Strike
1-1: Foul Ball, location: 2F
1-2: Fly out, F8 (Flyball, 8RD)
Batting: SHB Orlando Lópes 0-0: Ball
1-0: Foul Ball, location: 2F
1-1: Foul Ball, location: 2F
1-2: Grounds into double play, 6-4-3 (Groundball, 6)
Top of the 2nd over - 0 runs, 1 hit, 0 errors, 0 left on base; Xavier 4 - Stanford 0
BOTTOM OF THE 2ND
Stanford Cardinal batting - Pitching for Xavier Musketeers : RHP Mark Manning
Batting: RHB Flint Ballard 0-0: Ball
1-0: Swinging Strike
1-1: Ball
2-1: Called Strike
2-2: Strikes out swinging
Batting: LHB Brandon Napoleon 0-0: Ground out 3-1 (Groundball, 34S)
Batting: RHB James Hines 0-0: Ball
1-0: Ball
2-0: Foul Ball, location: 2F
2-1: Foul Ball, location: 2F
2-2: Foul Ball, location: 2F
2-2: Foul Ball, location: 2F
2-2: Ball
3-2: Fly out, F9 (Flyball, 9LM)
Bottom of the 2nd over - 0 runs, 0 hits, 0 errors, 0 left on base; Xavier 4 - Stanford 0
TOP OF THE 3RD
Xavier Musketeers batting - Pitching for Stanford Cardinal : RHP Oscar Clark
Batting: LHB Bobby Ryan 0-0: Ball
1-0: Called Strike
1-1: Fly out, F7 (Flyball, 7LS)
Batting: RHB Floyd Reynolds 0-0: Swinging Strike
0-1: Swinging Strike
0-2: SINGLE (Groundball, 56D)
Batting: RHB Curt Lloyd 0-0: Ball
1-0: Fly out, F7 (Flyball, 7LDF)
Batting: LHB Duncan Sharp 0-0: Ball
1-0: Ball
2-0: Ball
3-0: Called Strike
3-1: Ground out 4-3 (Groundball, 4)
Top of the 3rd over - 0 runs, 1 hit, 0 errors, 1 left on base; Xavier 4 - Stanford 0
BOTTOM OF THE 3RD
Stanford Cardinal batting - Pitching for Xavier Musketeers : RHP Mark Manning
Batting: SHB Rick Cochran 0-0: Fly out, F7 (Flyball, 78D)
Batting: RHB Pete Powell 0-0: Foul Ball, location: 2F
0-1: Ball
1-1: Swinging Strike
1-2: Strikes out swinging
Batting: RHB Rodrigo Ortíz 0-0: Ball
1-0: Foul Ball, location: 2F
1-1: Foul Ball, location: 2F
1-2: Foul Ball, location: 2F
1-2: Ball
2-2: Strikes out swinging
Bottom of the 3rd over - 0 runs, 0 hits, 0 errors, 0 left on base; Xavier 4 - Stanford 0
TOP OF THE 4TH
Xavier Musketeers batting - Pitching for Stanford Cardinal : RHP Oscar Clark
Batting: LHB Johnny Beach 0-0: Ball
1-0: Called Strike
1-1: Ball
2-1: Called Strike
2-2: Ground out 4-3 (Groundball, 4)
Batting: RHB Albert Smedley 0-0: Called Strike
0-1: Ball
1-1: Fly out, F7 (Flyball, 7LS)
Batting: RHB Dillon Farley 0-0: SINGLE (Line Drive, 89M)
Batting: RHB Edmund Kline 0-0: Called Strike
0-1: Ball
Dillon Farley steals 2nd base
1-1: Ball
2-1: Fly out, F8 (Flyball, 8RS)
Top of the 4th over - 0 runs, 1 hit, 0 errors, 1 left on base; Xavier 4 - Stanford 0
BOTTOM OF THE 4TH
Stanford Cardinal batting - Pitching for Xavier Musketeers : RHP Mark Manning
Batting: SHB Gary King 0-0: Called Strike
0-1: Ball
1-1: Foul Ball, location: 2F
1-2: Foul Ball, location: 2F
1-2: Foul Ball, location: 2F
1-2: Ground out 4-3 (Groundball, 4)
Batting: RHB Ira Martin 0-0: Ball
1-0: Swinging Strike
1-1: Swinging Strike
1-2: Strikes out swinging
Batting: RHB Rick McDonald 0-0: Ball
1-0: Swinging Strike
1-1: Swinging Strike
1-2: Strikes out swinging
Bottom of the 4th over - 0 runs, 0 hits, 0 errors, 0 left on base; Xavier 4 - Stanford 0
TOP OF THE 5TH
Xavier Musketeers batting - Pitching for Stanford Cardinal : RHP Oscar Clark
Batting: SHB Orlando Lópes 0-0: Ball
1-0: Ball
2-0: Foul Ball, location: 2F
2-1: Foul Ball, location: 2F
2-2: Foul Ball, location: 2F
2-2: Ball
3-2: Base on Balls
Batting: LHB Bobby Ryan 0-0: Fly out, F9 (Flyball, 9D)
Batting: RHB Floyd Reynolds 0-0: Called Strike
0-1: Foul Ball, location: 2F
0-2: Fly out, F8 (Flyball, 89D)
Pitching: RHP Stan Young
Batting: RHB Curt Lloyd 0-0: Ball
1-0: Called Strike
1-1: Ball
2-1: Fly out, F7 (Flyball, 7LSF)
Top of the 5th over - 0 runs, 0 hits, 0 errors, 1 left on base; Xavier 4 - Stanford 0
BOTTOM OF THE 5TH
Stanford Cardinal batting - Pitching for Xavier Musketeers : RHP Mark Manning
Batting: RHB Flint Ballard 0-0: Called Strike
0-1: Swinging Strike
0-2: Ball
1-2: Ball
2-2: Ball
3-2: Base on Balls
Batting: LHB Brandon Napoleon 0-0: Called Strike
0-1: Called Strike
0-2: Ball
1-2: Ball
2-2: Foul Ball, location: 2F
2-2: Strikes out swinging
Batting: RHB James Hines 0-0: Called Strike
0-1: Ball
1-1: Fly out, F4 (Line Drive, 4)
Batting: SHB Rick Cochran 0-0: Called Strike
0-1: Swinging Strike
0-2: Foul Ball, location: 2F
0-2: Reached on error, E5 (Groundball, 56)
Flint Ballard to second
Batting: RHB Pete Powell 0-0: Called Strike
0-1: Ball
1-1: Foul Ball, location: 2F
1-2: Strikes out swinging
Bottom of the 5th over - 0 runs, 0 hits, 1 error, 2 left on base; Xavier 4 - Stanford 0
TOP OF THE 6TH
Xavier Musketeers batting - Pitching for Stanford Cardinal : RHP Stan Young
Batting: LHB Duncan Sharp 0-0: Foul Ball, location: 2F
0-1: Foul Ball, location: 2F
0-2: Ball
1-2: Ball
2-2: Strikes out looking
Batting: LHB Johnny Beach 0-0: Ball
1-0: SINGLE (Flyball, 9S)
Batting: RHB Albert Smedley 0-0: Ball
1-0: Ground out 5-3 (Groundball, 56S)
Johnny Beach to second
Batting: RHB Dillon Farley 0-0: Called Strike
0-1: SINGLE (Groundball, 6D)
Johnny Beach to third
Runner from 3rd tries for Home, SAFE, no throw
Batting: RHB Edmund Kline 0-0: Foul Ball, location: 2F
0-1: Ball
1-1: Ball
Dillon Farley steals 2nd base
2-1: Foul Ball, location: 2F
2-2: Foul Ball, location: 2F
2-2: SINGLE (Line Drive, 78S)
Dillon Farley to third
Runner from 3rd tries for Home, SAFE, no throw
Batting: SHB Orlando Lópes 0-0: Called Strike
0-1: Swinging Strike
0-2: Foul Ball, location: 2F
0-2: SINGLE (Groundball, 5D)
Edmund Kline to second
Batting: LHB Bobby Ryan 0-0: Ball
1-0: DOUBLE (Flyball, 8LXD)
Edmund Kline scores
Orlando Lópes to third
Runner from 3rd tries for Home, SAFE, no throw
Batting: RHB Floyd Reynolds 0-0: Ball
1-0: Ball
2-0: Called Strike
2-1: Foul Ball, location: 2F
2-2: Foul Ball, location: 2F
2-2: Foul Ball, location: 2F
2-2: Ball
3-2: Fly out, F3 (Popup, 3SF)
Top of the 6th over - 4 runs, 5 hits, 0 errors, 1 left on base; Xavier 8 - Stanford 0
BOTTOM OF THE 6TH
Stanford Cardinal batting - Pitching for Xavier Musketeers : RHP Mark Manning
Batting: RHB Rodrigo Ortíz 0-0: Swinging Strike
0-1: Swinging Strike
0-2: Ball
1-2: Strikes out swinging passed ball, reaches first!
Batting: SHB Gary King 0-0: Ball
1-0: Ball
2-0: Swinging Strike
2-1: Called Strike
2-2: Ball
3-2: Foul Ball, location: 2F
3-2: Fielders Choice at 2nd, 6-4 (Groundball, 6M)
Batting: RHB Ira Martin 0-0: Ball
1-0: Swinging Strike
1-1: Ball
2-1: Swinging Strike
2-2: Strikes out swinging
Batting: RHB Rick McDonald 0-0: Ball
Gary King steals 2nd base
1-0: Called Strike
1-1: Called Strike
1-2: Foul Ball, location: 2F
1-2: Ball
2-2: Strikes out looking
Bottom of the 6th over - 0 runs, 0 hits, 0 errors, 1 left on base; Xavier 8 - Stanford 0
TOP OF THE 7TH
Xavier Musketeers batting - Pitching for Stanford Cardinal : RHP Stan Young
Batting: RHB Curt Lloyd 0-0: Fly out, F6 (Popup, 6D)
Batting: LHB Duncan Sharp 0-0: Swinging Strike
0-1: Ball
1-1: Ball
2-1: Foul Ball, location: 2F
2-2: Ball
3-2: Fly out, F9 (Flyball, 9D)
Batting: LHB Johnny Beach 0-0: Foul Ball, location: 2F
0-1: Foul Ball, location: 2F
0-2: Ball
1-2: Ball
2-2: Ball
3-2: Base on Balls
Batting: RHB Albert Smedley 0-0: Ball
1-0: Called Strike
1-1: Fielders Choice at 2nd, 6-4 (Groundball, 6)
Top of the 7th over - 0 runs, 0 hits, 0 errors, 1 left on base; Xavier 8 - Stanford 0
BOTTOM OF THE 7TH
Stanford Cardinal batting - Pitching for Xavier Musketeers : RHP Mark Manning
Batting: RHB Flint Ballard 0-0: Called Strike
0-1: SINGLE (Line Drive, 4MD)
Pitching: RHP Terry Gray
Batting: LHB Brandon Napoleon 0-0: Called Strike
0-1: Called Strike
0-2: Foul Ball, location: 2F
0-2: Fielders Choice at 2nd, 6-4 (Groundball, 6)
Batting: RHB James Hines 0-0: Ball
1-0: Ball
2-0: Ball
3-0: Called Strike
3-1: Foul Ball, location: 2F
3-2: SINGLE (Line Drive, 6D)
Brandon Napoleon to second
Batting: SHB Rick Cochran 0-0: Called Strike
0-1: Called Strike
Brandon Napoleon is caught stealing 3rd base
0-2: Fly out, F8 (Flyball, 8LM)
Bottom of the 7th over - 0 runs, 2 hits, 0 errors, 1 left on base; Xavier 8 - Stanford 0
TOP OF THE 8TH
Xavier Musketeers batting - Pitching for Stanford Cardinal : RHP Stan Young
Batting: RHB Dillon Farley 0-0: Ball
1-0: Foul Ball, location: 2F
1-1: Ball
2-1: Fly out, F7 (Flyball, 7)
Batting: RHB Edmund Kline 0-0: Ball
1-0: Ball
2-0: Called Strike
2-1: Ball
3-1: Base on Balls
Batting: SHB Orlando Lópes 0-0: Called Strike
0-1: 2-RUN HOME RUN (Flyball, 7LD), Distance : 339 ft
Batting: LHB Bobby Ryan 0-0: Ball
1-0: Ball
2-0: Ball
3-0: Swinging Strike
3-1: Swinging Strike
3-2: Strikes out swinging
Batting: RHB Floyd Reynolds 0-0: Ball
1-0: Ball
2-0: Foul Ball, location: 2F
2-1: DOUBLE (Line Drive, 78D)
Batting: RHB Curt Lloyd 0-0: Ball
1-0: Ball
2-0: Ground out 5-3 (Groundball, 56)
Top of the 8th over - 2 runs, 2 hits, 0 errors, 1 left on base; Xavier 10 - Stanford 0
BOTTOM OF THE 8TH
Stanford Cardinal batting - Pitching for Xavier Musketeers : RHP Terry Gray
Batting: RHB Pete Powell 0-0: Ball
1-0: Ball
2-0: Ball
3-0: Base on Balls
Batting: RHB Rodrigo Ortíz 0-0: Called Strike
0-1: Ball
1-1: SINGLE (Flyball, 78M)
Pete Powell to second
Batting: SHB Gary King 0-0: Foul Ball, location: 2F
0-1: Ball
1-1: Ball
2-1: Called Strike
2-2: Ball
3-2: Foul Ball, location: 2F
3-2: Base on Balls
Pete Powell to third
Rodrigo Ortíz to second
Batting: RHB Ira Martin 0-0: Called Strike
0-1: Ball
1-1: Fly out, F9 (Flyball, 9S)
Batting: RHB Rick McDonald 0-0: Ball
1-0: Fly out, F9 (Flyball, 89M)
Runner from 3rd tags up, SCORES, throw made
Batting: RHB Flint Ballard 0-0: Called Strike
0-1: SINGLE (Flyball, 9S)
Rodrigo Ortíz to third
Gary King to second
Batting: LHB Brandon Napoleon 0-0: Ground out 5-3 (Groundball, 25)
Bottom of the 8th over - 1 run, 2 hits, 0 errors, 3 left on base; Xavier 10 - Stanford 1
TOP OF THE 9TH
Xavier Musketeers batting - Pitching for Stanford Cardinal : RHP Stan Young
Pitching: RHP Greg Stone
Batting: LHB Duncan Sharp 0-0: Foul Ball, location: 2F
0-1: Ball
1-1: Ball
2-1: Ground out U3 (Groundball, 3L)
Batting: LHB Johnny Beach 0-0: Called Strike
0-1: Ball
1-1: Ball
2-1: Fly out, F6 (Popup, 6M)
Batting: RHB Albert Smedley 0-0: Foul Ball, location: 2F
0-1: Ball
1-1: Swinging Strike
1-2: Ball
2-2: Ground out 5-3 (Groundball, 5)
Top of the 9th over - 0 runs, 0 hits, 0 errors, 0 left on base; Xavier 10 - Stanford 1
BOTTOM OF THE 9TH
Stanford Cardinal batting - Pitching for Xavier Musketeers : RHP Terry Gray
Batting: RHB James Hines 0-0: Ball
1-0: Ball
2-0: Called Strike
2-1: Ball
3-1: Base on Balls
Batting: SHB Rick Cochran 0-0: Ball
1-0: Ball
2-0: Called Strike
2-1: Called Strike
2-2: Ball
3-2: Fly out, F7 (Flyball, 7S)
Batting: RHB Pete Powell 0-0: Ball
1-0: Foul Ball, location: 2F
1-1: Ball
2-1: Ball
Wild Pitch!
James Hines to second
3-1: Called Strike
3-2: Base on Balls
Batting: RHB Rodrigo Ortíz 0-0: Called Strike
0-1: Swinging Strike
0-2: SINGLE (Line Drive, 89M)
James Hines to third
Pete Powell to second
Batting: SHB Gary King 0-0: Ball
1-0: Fly out, F7 (Flyball, 7)
Runner from 3rd tags up, SCORES, no throw
Batting: RHB Ira Martin 0-0: Ball
1-0: Called Strike
1-1: Ball
2-1: Ball
3-1: Called Strike
3-2: Foul Ball, location: 2F
3-2: Base on Balls
Pete Powell to third
Rodrigo Ortíz to second
Batting: RHB Rick McDonald 0-0: Called Strike
0-1: Ball
1-1: Foul Ball, location: 2F
1-2: SINGLE (Line Drive, 34)
Pete Powell scores
Rodrigo Ortíz to third
Ira Martin to second
Batting: RHB Flint Ballard 0-0: Called Strike
0-1: Ball
1-1: Ball
2-1: Foul Ball, location: 2F
2-2: Foul Ball, location: 2F
2-2: Foul Ball, location: 2F
2-2: Ball
3-2: Fly out, F9 (Line Drive, 9)
Bottom of the 9th over - 2 runs, 2 hits, 0 errors, 3 left on base; Xavier 10 - Stanford 3
Saturday, April 7th, 2018 - OOTP Baseball 18.8 Build 76